 Dungeon Crawl Stone Soup version bcrawl-1.21.2-20-g6d45ba5942 (webtiles) character file.

Game seed: 17322729449111153040

112 IcyTea the Caller (level 4, -6/30 HPs)
             Began as a Merfolk Summoner on Feb 28, 2020.
             Mangled by a worker ant (7 damage)
             ... on level 4 of the Dungeon.
             The game lasted 00:09:12 (3269 turns).

IcyTea the Caller (Merfolk Summoner)                Turns: 3269, Time: 00:09:13

Health: -6/30      AC:  3    Str:  7 (8)  XL:     4   Next: 93%
Magic:  3/7        EV: 13    Int: 15      God:
Gold:   223        SH:  0    Dex: 14      Spells: 0/7 levels left

rFire    . . .     SeeInvis .   l - +0 spear
rCold    . . .     Gourm    .   (no shield)
rNeg     + . .     Faith    .   a - +0 robe
rPois    .         Spirit   .   (no helmet)
rElec    .         Reflect  .   k - +0 cloak
rCorr    .         Harm     .   (no gloves)
MR       .....     Clarity  +   (no boots)
Stlth    ++........             (no amulet)
HPRegen  0.10/turn              (no ring)
MPRegen  0.10/turn              m - ring of positive energy

@: no status effects
A: change form in water, swift swim, stealthy swim, clarity, deterioration 1,
screaming 1
a: no special abilities


You were on level 4 of the Dungeon.
You were not hungry.

You visited 1 branch of the dungeon, and saw 4 of its levels.

You collected 223 gold pieces.

Inventory:

Hand Weapons
 l - a +0 spear (weapon)
Armour
 a - a +0 robe (worn)
 h - a scarf of cloud immunity
 k - a +0 cloak (worn)
Jewellery
 m - a ring of positive energy (right hand)
Scrolls
 c - a scroll of summoning
 i - a scroll of teleportation
 n - 2 scrolls of identify
 o - a scroll of amnesia
Potions
 d - a potion of curing
Comestibles
 b - a chunk of flesh
 e - 7 rations {!d}


   Skills:
 - Level 2.6 Dodging
 - Level 2.4 Stealth
 - Level 2.0 Spellcasting
 + Level 6.1 Summonings


You couldn't memorise any spells.
You knew the following spells:

 Your Spells              Type           Power        Failure   Level  Hunger
a - Summon Ice Beast      Ice/Summ       ##......     54%         4    #####..
b - Call Canine Familiar  Summ           ###.....     5%          3    ###....

Your spell library contained the following spells:

 Spells                   Type           Power        Failure   Level  Hunger
 Summon Small Mammal      Summ           ###.         1%          1    #......
 Call Imp                 Summ           ###...       2%          2    ###....
 Summon Lightning Spire   Summ/Air       ##......     87%         5    ######.


Dungeon Overview and Level Annotations

Branches:
Dungeon (4/12)
 Temple: D:4-7

Altars:
Qazlal
Wu Jian


Innate Abilities, Weirdness & Mutations

You revert to your normal form in water.
You are very nimble and swift while swimming.
You are very stealthy in the water. (Stealth+)
You possess an exceptional clarity of mind.
Your body sometimes deteriorates upon taking damage.
You occasionally shout uncontrollably at your foes.


Message History

The worker ant misses you.
Your hound misses the worker ant. The dart slug launches a dart at you.
The slug dart hits your hound. The worker ant closely misses you.
You hit the worker ant.
The worker ant is lightly wounded.
The worker ant bites you.
* * * LOW HITPOINT WARNING * * *
Your body deteriorates!
You feel weakened.
Your hound bites the dart slug.
The worker ant bites you but does no damage.
Your hound bites the dart slug.
Your hound bites the dart slug.
The dart slug dies!
Okay, then.
The worker ant bites you.
* * * LOW HITPOINT WARNING * * *
Casting: Call Canine Familiar (safe; 5% risk of failure)
Confirm with . or Enter, or press ? or * to list all spells.
The worker ant bites you!
You die...

.......####
#.........# #
#..h†.....# .#
#.........##.#
..)........#
#).....#
+......+
#.######h.....#
#.....@a......#
#..########+#<#
#.# #.# #.# ...
#.# #.# #.#


You could see a worker ant and a friendly hound.

Vanquished Creatures
  2 adders
  An ooze (D:1)
  A worm (D:3)
  3 leopard geckos (D:1)
  An orc (D:4)
  3 bats
  2 goblins
  A hobgoblin (D:2)
  7 kobolds
  4 quokkas
  3 rats
28 creatures vanquished.

Vanquished Creatures (collateral kills)
  An orc priest (D:4)
  4 adders
  An ooze (D:2)
  A worm (D:3)
  A dart slug (D:4)
  2 orcs (D:4)
  A bat (D:2)
  3 giant cockroaches
  4 hobgoblins (D:2)
  A jackal (D:2)
  A frilled lizard (D:1)
  2 goblins
  2 kobolds
  2 rats (D:2)
26 creatures vanquished.

Grand Total: 54 creatures vanquished

Notes
Turn   | Place    | Note
-------+----------+-------------------------------------------
     0 | D:1      | IcyTea the Merfolk Summoner began the quest for the Orb.
     0 | D:1      | Reached XP level 1. HP: 13/13 MP: 3/3
   261 | D:1      | Reached XP level 2. HP: 19/19 MP: 1/5
  1001 | D:2      | Reached XP level 3. HP: 15/24 MP: 2/6
  1006 | D:2      | Learned a level 3 spell: Call Canine Familiar
  1083 | D:2      | Reached skill level 5 in Summonings
  2017 | D:2      | Found an ornate altar of the Wu Jian Council.
  2276 | D:2      | Reached XP level 4. HP: 19/30 MP: 4/7
  2413 | D:3      | Learned a level 4 spell: Summon Ice Beast
  2918 | D:3      | Gained mutation: Your body sometimes deteriorates upon
                  | taking damage. [potion of mutation]
  2918 | D:3      | Gained mutation: You occasionally shout uncontrollably at
                  | your foes. [potion of mutation]
  2918 | D:3      | Gained mutation: You possess an exceptional clarity of
                  | mind. [potion of mutation]
  3029 | D:3      | Found a stormy altar of Qazlal.
  3262 | D:4      | Reached skill level 6 in Summonings
  3268 | D:4      | HP: 1/30 [worker ant (2)]
  3269 | D:4      | Mangled by a worker ant

Skill      XL: |  1  2  3  4 |
---------------+-------------+-----
Summonings     | 5 6 |  6.1
Dodging        | |  2.6
Stealth        | |  2.4
Spellcasting   | |  2.0

Action                   |  1- 3 |  4- 6 || total
-------------------------+-------+-------++-------
Melee: Dagger            |    13 |       ||    13
       Unarmed           |     1 |       ||     1
       Spear             |    77 |    52 ||   129
 Cast: Summon Small Mamm |    14 |       ||    14
       Call Canine Famil |     8 |     5 ||    13
  Use: Scroll            |     3 |     4 ||     7
       Potion            |     1 |     3 ||     4
 Stab: Sleeping          |     5 |     2 ||     7
       Distracted        |     1 |       ||     1
  Eat: Chunk             |     4 |     5 ||     9
Armor: Robe              |    15 |    12 ||    27
Dodge: Dodged            |    72 |    30 ||   102
